 Dungeon Crawl Stone Soup version 0.31.0-11-ge490571c62 (webtiles) character file.

Game seed: 6981965362061844778

45 qw the Shooter (level 3, -6/18 HPs)
             Began as a Spriggan Hunter on Feb 4, 2024.
             Mangled by Terence
             ... wielding a +0 trident
              (8 damage)
             ... on level 2 of the Dungeon.
             The game lasted 00:00:03 (1116 turns).

qw the Shooter (Spriggan Hunter)                    Turns: 1116, Time: 00:00:04

Health: -6/18      AC:  2    Str:  7    XL:     3   Next: 42%
Magic:  4/4        EV: 19    Int: 10    God:
Gold:   74         SH:  0    Dex: 20    Spells: 2/2 levels left

rFire   . . .        a - +0 shortbow
rCold   . . .        (shield currently unavailable)
rNeg    . . .        c - +0 robe
rPois   .            (helmet restricted)
rElec   .            (no cloak)
rCorr   .            (gloves unavailable)
SInv    +            (boots unavailable)
Will    .....        (no amulet)
Stlth   ++           (no ring)
HPRegen 0.23/turn    (no ring)
MPRegen 0.09/turn

%: no passive effects
@: very quick
A: very small, no large weapons, unfitting armour, see invisible, speed 3
a: no special abilities


You were on level 2 of the Dungeon.
You visited 1 branch of the dungeon, and saw 2 of its levels.

You collected 94 gold pieces.
You spent 20 gold pieces at shops.


Innate Abilities, Weirdness & Mutations

You are very small and have problems with some larger weapons.
You are too small for most types of armour.
You have supernaturally acute eyesight. (SInv)
You cover ground extremely quickly. (Speed+++)


   Skills:
 - Level 1.5 Fighting
 + Level 4.7 Ranged Weapons
 - Level 4.0 Dodging
 - Level 1.5 Stealth


You had 2 spell levels left.
You didn't know any spells.
Your spell library was empty.

Inventory:

Hand Weapons
 a - a +0 shortbow (weapon)
Armour
 c - a +0 robe (worn)
Scrolls
 b - a scroll of identify
Potions
 d - a potion of curing {unknown}
 e - a potion of attraction {unknown}
 f - a potion of enlightenment
 g - a potion of might {unknown}
 h - a potion of cancellation {unknown}

Dungeon Overview and Level Annotations

Branches:
Dungeon (2/15)

Altars:

Shops:
D:2 :?

Annotations:
D:2 Terence


Message History

You kill the giant cockroach!
Terence misses you.
You shoot an arrow. The arrow closely misses Terence.
Terence misses you. Terence completely misses you.
You shoot an arrow. The arrow barely misses Terence.
Terence completely misses you.
You shoot an arrow. The arrow hits Terence!
Terence is moderately wounded.
Terence misses you.
You shoot an arrow. The arrow barely misses Terence.
Terence hits you but does no damage.
You shoot an arrow. The arrow barely misses Terence.
Terence hits you from afar with a +0 trident.
You shoot an arrow.
The arrow hits Terence but does no damage.
Terence is moderately wounded.
Terence hits you from afar with a +0 trident.
Terence closely misses you.
You shoot an arrow.
The arrow hits Terence but does no damage.
Terence is moderately wounded.
Terence closely misses you.
You shoot an arrow. The arrow hits Terence!
Terence is severely wounded.
Terence hits you from afar with a +0 trident!
You shoot an arrow. The arrow barely misses Terence.
Terence misses you.
You shoot an arrow.
The arrow hits Terence but does no damage.
Terence is severely wounded.
Terence completely misses you.
You shoot an arrow. The arrow hits Terence.
Terence is almost dead.
Terence misses you.
You shoot an arrow.
The arrow hits Terence but does no damage.
Terence is almost dead.
Terence hits you from afar with a +0 trident!
You die...
Terence says, "Time to find some more victims."

#...# ...## .. ..## ..
.## .# ## .# # ##### .#
#...# .#
#########...#####.######
................@.......
###....##(..#####.##....
..#....##...# .@# .
.......##...# ....
#.##+####...# )...#..
#.##.####...# ....#....
#......########.#### ..^
####.#....##....(... ##
####.####.##........


You could see Terence.

Vanquished Creatures
  An adder (D:2)
  2 dart slugs
  A ball python (D:1)
  7 endoplasms
  3 giant cockroaches
  A goblin (D:1)
  A hobgoblin (D:2)
  2 kobolds (D:1)
  A quokka (D:1)
  3 bats
  4 frilled lizards
  4 rats
30 creatures vanquished.

Notes
Turn   | Place    | Note
-------+----------+-------------------------------------------
     0 | D:1      | qw the Spriggan Hunter began the quest for the Orb.
     0 | D:1      | Reached XP level 1. HP: 10/10 MP: 2/2
     0 | D:1      | 0 ||| qw: Version: 0.3-a-160-g6735b56
     0 | D:1      | 0 ||| qw: Game counter: 5532
     0 | D:1      | 0 ||| qw: Melee chars always use a shield: true
     0 | D:1      | 0 ||| qw: God list: Okawaru
     0 | D:1      | 0 ||| qw: Allow faded altars: false
     0 | D:1      | 0 ||| qw: Do Orc after clearing Dungeon:15 true
     0 | D:1      | 0 ||| qw: Do second Lair branch before Depths: true
     0 | D:1      | 0 ||| qw: Lair rune preference: random
     0 | D:1      | 0 ||| qw: Goals: Normal
     0 | D:1      | 0 ||| PLANNING D:1-11
    73 | D:1      | Reached skill level 3 in Dodging
   151 | D:1      | Reached XP level 2. HP: 14/14 MP: 3/3
   472 | D:1      | 472 ||| READING scroll labelled POUBLONUNE.
   472 | D:1      | 472 ||| ENCHANTING +0 shortbow.
   473 | D:1      | 473 ||| READING scroll labelled ZEMOEMAINO.
   473 | D:1      | 473 ||| IDENTIFYING glowing golden potion
   474 | D:1      | 474 ||| DROPPING scroll of butterflies.
   657 | D:1      | 657 ||| READING scroll labelled KACOARIHUT.
   799 | D:2      | Found Addubb's Magic Scroll Emporium.
   804 | D:2      | 804 ||| SHOPLISTING scroll of enchant armour (75 gold, have
                  | 64).
   804 | D:2      | 804 ||| BUYING scroll of identify (20 gold).
   804 | D:2      | Bought a scroll of identify for 20 gold pieces
   822 | D:2      | Found Pismob's Book Shop.
   870 | D:2      | Reached XP level 3. HP: 18/18 MP: 4/4
   897 | D:2      | 897 ||| FLEEEEING.
  1050 | D:2      | Found a faded altar of an unknown god.
  1094 | D:2      | Noticed Terence
  1112 | D:2      | HP: 1/18 [Terence/+0 trident (8)]
  1116 | D:2      | Mangled by Terence

Levels and vault maps discovered:
D:1:      minmay_arrival_four_houses, layout_loops_ring, minmay_tromino_v4_b
D:2:      layout_basic, hellmonk_ecumenical_altar_crossroads, serial_shops,
          nicolae_shop_rolling_square, nicolae_shop_hallway_plus, shop,
          chequers_serial_rivers_small_b, uniq_terence

Skill      XL: |  1  2 |
---------------+-------+-----
Dodging        | 3 4 |  4.0
Fighting       | |  1.5
Ranged Weapons | |  4.7
Stealth        | |  1.5

Action                     || total
---------------------------++-------
   Fire: Shortbow          ||   106
    Use: Scroll            ||     3
 Armour: Robe              ||    16
  Dodge: Dodged            ||    45

Table legend:
 A = Non-vault XP
 B = Vault XP
 C = Vault XP percentage of total XP
 D = Non-vault monster count
 E = Vault monster count
 F = Vault count percentage of total count
                 A         B        C        D         E       F
            +---------+---------+-------+---------+---------+-------
      Total |      63 |       2 |   3.1 |      29 |       1 |   3.3
            +---------+---------+-------+---------+---------+-------
        D:1 |      34 |       2 |   5.6 |      20 |       1 |   4.8
        D:2 |      29 |       0 |   0.0 |       9 |       0 |   0.0
            +---------+---------+-------+---------+---------+-------
